Map: Ever Dream LE

Players

Massa

  • Race: Terran Terran
  • League: Platinum
  • Spawn Location: 7:00

VOD

Have the link to the VOD?

Description

Time

  • Played on: Sept. 6, 2020, 9:39 a.m.
  • Length: 5:22
Show
View Real Time Build Order
Export as new Build Order

Massa Terran 

Build Orders:  

Get SALT Encoding   

  12  0:00  SCV  
  13  0:17  SCV  
  14  0:26  Supply Depot  
  14  0:34  SCV  
  15  0:41  Refinery  
  15  0:59  Barracks  
  15  1:02  SCV  
  16  1:19  SCV  
  17  1:36  SCV  
  18  1:53  SCV  
  19  2:09  Reaper  
  20  2:12  Command Center  
  20  2:25  Orbital Command  
  20  2:49  Marine  
  21  3:05  SCV  
  22  3:16  Factory  
  22  3:33  Command Center  
  22  3:37  Barracks Reactor  
  22  3:38  SCV  
  23  4:07  Orbital Command  
  23  4:09  SCV  
  24  4:26  SCV  
  25  4:43  SCV  
  25  4:45  Barracks Tech Lab  
  25  4:47  SCV  
  27  5:00  SCV  
  27  5:01  Starport  
  27  5:03  Refinery  
  27  5:04  SCV  
  29  5:11  Engineering Bay  
  29  5:12  Engineering Bay  
Tags
 
League
Platinum
Matchup
Co-op
Replay Pack
Multiplayer
Add a new tag
Caveats
  • Supply blocks, unpowered buildings, or Contaminate may cause inaccurate times.
  • Supply counts are checked every 10 seconds.